 Dungeon Crawl Stone Soup version 0.27-a0-720-g3f424a255b (webtiles) character file.

Game seed: 9591885501234050979

325 PentaManta the Insei (level 6, -3/44 HPs)
             Began as a Merfolk Transmuter on Mar 23, 2021.
             Slain by Grinder (7 damage)
             ... while paralysed by Grinder
             ... on level 4 of the Dungeon.
             The game lasted 00:17:24 (5442 turns).

PentaManta the Insei (Merfolk Transmuter)           Turns: 5442, Time: 00:17:24

Health: -3/44      AC:  4    Str: 10    XL:     6   Next: 48%
Magic:  9/9        EV:  2    Int: 13    God:
Gold:   202        SH:  0    Dex: 16    Spells: 3/9 levels left

rFire    + . .     SeeInvis .     - Unarmed
rCold    . . .     Faith    .   (no shield)
rNeg     . . .     Spirit   .   e - +2 robe {rF+}
rPois    .         Reflect  .   (helmet currently unavailable)
rElec    .         Harm     .   (no cloak)
rCorr    .         Rampage  .   (no gloves)
Will     .....                  (boots currently unavailable)
Stlth    +.........             (no amulet)
HPRegen  0.14/turn              (no ring)
MPRegen  0.11/turn              (no ring)

@: paralysed, appendages (expiring)
A: horns 2, (nimble swimmer 2), mertail, mutation resistance 1
a: End Transformation


You were on level 4 of the Dungeon.
You had temporarily grown beastly horns.
You visited 1 branch of the dungeon, and saw 4 of its levels.
You also visited: Sewer.

You collected 202 gold pieces.

Inventory:

Missiles
 g - 5 poisoned darts (quivered)
Armour
 e - a +2 robe of fire resistance (worn)
 j - a +0 ring mail
Scrolls
 a - 2 scrolls of teleportation
 c - a scroll of enchant armour
 f - a scroll of vulnerability {unknown}
 i - a scroll of blinking {unknown}
Potions
 b - 2 potions of heal wounds {unknown}
 d - 3 potions of flight {unknown}
 h - 2 potions of curing


   Skills:
 * Level 1.7 Fighting
 * Level 3.2 Dodging
 - Level 7.1 Unarmed Combat
 * Level 2.3 Spellcasting
 * Level 3.2 Transmutations


You had 3 spell levels left.
You knew the following spells:

 Your Spells              Type           Power      Damage    Failure   Level
a - Beastly Appendage     Tmut           20%        N/A       6%          1
b - Wereblood             Tmut           10%        N/A       10%         2
c - Spider Form           Tmut/Pois      2%         N/A       36%         3

Your spell library contained the following spells:

 Spells                   Type           Power      Damage    Failure   Level
 Ice Form                 Ice/Tmut       5%         N/A       77%         4
 Blade Hands              Tmut           5%         N/A       87%         5


Dungeon Overview and Level Annotations

Branches:
Dungeon (4/15)              Sewer (visited)
 Temple: D:4-7

Altars:
Ashenzari
Gozag
Nemelex Xobeh
Uskayaw
The Shining One

Shops:
D:1 (

Annotations:
D:4 Edmund, Grinder


Innate Abilities, Weirdness & Mutations

You have temporarily grown beastly horns.
((You are quick and stealthy while swimming. (Stealth+, EV+, Speed+++)))
Your lower body shifts to a powerful aquatic tail in water.
You are somewhat resistant to further mutation.


Message History

You hit Grinder but do no damage. Your headbutt misses Grinder.
Grinder is heavily wounded.
Grinder hits you!
You writhe in agony.
You hit Grinder.
Grinder is heavily wounded.
You hit Grinder but do no damage. You headbutt Grinder, but do no damage.
Grinder is heavily wounded.
Grinder hits you!
* * * LOW HITPOINT WARNING * * *
You hit Grinder but do no damage. You headbutt Grinder.
Grinder is heavily wounded.
Grinder hits you but does no damage.
You hit Grinder but do no damage. You punch Grinder, but do no damage.
Grinder is heavily wounded.
Grinder drinks a potion.
Grinder is healed!
You closely miss Grinder.
Grinder is heavily wounded.
Grinder gestures at you. You resist with significant effort.
You completely miss Grinder.
Grinder is heavily wounded.
Grinder barely misses you.
You hit Grinder.
Grinder is heavily wounded.
Grinder closely misses you.
You closely miss Grinder. You headbutt Grinder.
Grinder is severely wounded.
Grinder hits you.
* * * LOW HITPOINT WARNING * * *
You writhe in agony.
* * * LOW HITPOINT WARNING * * *
You barely miss Grinder.
Grinder is severely wounded.
You completely miss Grinder.
Grinder is severely wounded.
Grinder gestures at you.
You suddenly lose the ability to move!
Your transformation is almost over.
Grinder hits you!
You die...

.... #........# ####
#........# #........#
#........# #........#
########........########
#.......#'######.......#
+.......#.5....#.......#
#.......#.@....#.......#
#.......#......#.......#
#.......#......#.......#
#.......#..###.#....<..#
##+#....#..#############
+....#....# #....#
#....# #...##


You could see Grinder.

Vanquished Creatures
  An ogre (D:4)
  A kobold brigand (Sewer)
  A hound (D:4)
  2 adders
  2 river rats (Sewer)
  A worm (D:3)
  2 dart slugs
  7 orcs
  5 bats
  9 giant cockroaches
  6 goblins
  5 hobgoblins
  12 jackals
  13 kobolds
  6 oozes
  4 quokkas
  5 ball pythons
  A frilled lizard (D:4)
  A quokka skeleton (D:4)
  6 rats
90 creatures vanquished.

Notes
Turn   | Place    | Note
-------+----------+-------------------------------------------
     0 | D:1      | PentaManta the Merfolk Transmuter began the quest for the
                  | Orb.
     0 | D:1      | Reached XP level 1. HP: 15/15 MP: 3/3
    49 | D:1      | Reached XP level 2. HP: 3/21 MP: 3/5
   368 | D:1      | Reached skill level 4 in Unarmed Combat
   592 | D:1      | Found Hiwken's Antique Weapon Emporium.
   878 | D:1      | Learned a level 2 spell: Wereblood
   905 | D:1      | Reached XP level 3. HP: 14/26 MP: 4/6
  1742 | D:2      | Found a broken altar of Ashenzari.
  1960 | D:3      | Reached skill level 5 in Unarmed Combat
  1992 | D:3      | Reached XP level 4. HP: 14/32 MP: 4/7
  2077 | D:3      | Found an opulent altar of Gozag.
  2431 | D:3      | Found a glowing drain.
  2438 | Sewer    | Entered a sewer
  2808 | Sewer    | Noticed a kobold brigand
  2830 | Sewer    | Gained mutation: You are somewhat resistant to further
                  | mutation. [potion of mutation]
  2840 | Sewer    | Killed a kobold brigand
  2841 | Sewer    | Reached skill level 6 in Unarmed Combat
  2841 | Sewer    | Reached XP level 5. HP: 20/37 MP: 1/8
  3005 | Sewer    | Found a white marble altar of Elyvilon.
  4300 | D:2      | Found a faded altar of an unknown god.
  4640 | D:4      | Reached skill level 7 in Unarmed Combat
  4796 | D:4      | Noticed Edmund
  4799 | D:4      | Reached XP level 6. HP: 41/43 MP: 7/9
  5135 | D:4      | Learned a level 3 spell: Spider Form
  5293 | D:4      | Found a sparkling altar of Nemelex Xobeh.
  5293 | D:4      | Found a faded altar of an unknown god.
  5300 | D:4      | Found a faded altar of an unknown god.
  5302 | D:4      | Found a glowing golden altar of the Shining One.
  5304 | D:4      | Found a hide-covered altar of Uskayaw.
  5396 | D:4      | Noticed Grinder
  5441 | D:4      | Paralysed by Grinder for 7 turns
  5442 | D:4      | Slain by Grinder

Illustrated notes

Levels and vault maps discovered:
D:1:      dpeg_arrival_chambers_temple_mockup, layout_rooms, serial_shops,
          shop_fountains, minmay_misc_feat_nine_boxes, grunt_decor_arrowhead,
          moated_statue
D:2:      layout_loops_ring, evilmike_ruin_ashenzari,
          chequers_ecumenical_altar_grove
D:3:      layout_basic, nicolae_gozag_cash_rules_everything_around_me,
          gup_sewer_entry_pipe, kennysheep_generic_room_11
D:4:      layout_gridville, chequers_temple_overflow_minitemple, led_sif_book,
          uniq_grinder, uniq_edmund

Skill      XL: |  1  2  3  4  5  6 |
---------------+-------------------+-----
Unarmed Combat | 4 5 6 7 |  7.1
Dodging        | 3 |  3.2
Transmutations | 3 |  3.2
Fighting       | |  1.7
Spellcasting   | |  2.3

Action                   |  1- 3 |  4- 6 || total
-------------------------+-------+-------++-------
Melee: Unarmed           |    99 |   159 ||   258
       Headbutt          |     8 |    29 ||    37
       Tailslap          |       |     4 ||     4
       Punch             |       |     4 ||     4
Throw: Dart              |       |     4 ||     4
 Cast: Beastly Appendage |     7 |    30 ||    37
       Wereblood         |       |     8 ||     8
       Spider Form       |       |     1 ||     1
  Use: Scroll            |       |     4 ||     4
       Potion            |       |     2 ||     2
 Stab: Sleeping          |     2 |     1 ||     3
Armor: Robe              |    13 |    37 ||    50
Dodge: Dodged            |    60 |   130 ||   190

Table legend: (Time is in decaauts)
 A = Elapsed time spent in this place.
 B = Non-inter-level travel time spent in this place.
 C = Inter-level travel time spent in this place.
 D = Time resting spent in this place.
 E = Time spent auto-exploring this place.
 F = Levels seen in this place.
 G = Mean time per level.
                   A        B        C        D        E       F      G
               +--------+--------+--------+--------+--------+-----+--------+
         Total |   5379 |   5097 |    282 |   1060 |   2850 |   5 | 1075.8 |
       Dungeon |   4808 |   4526 |    282 |    776 |   2653 |   4 | 1202.0 |
         Sewer |    571 |    571 |      0 |    284 |    196 |   1 |  571.0 |
               +--------+--------+--------+--------+--------+-----+--------+

Top non-repeatable levels by time:
     D:3: 1576 daAuts
     D:1: 1442 daAuts
     D:2: 904 daAuts
     D:4: 885 daAuts
   Sewer: 571 daAuts
